[ AOE2 MATCH · #504899053 ]
UnrankedBurmese vs Incas
Player's team · LOSS
Rival team · WIN
[ REPLAY ANALYSIS · EXTRACTED FROM THE RECORDED GAME ]
Feudal
10:51
Castle
22:55
Imperial
32:46
| APM avg | 48.2 |
| APM peak | 84 |
| eAPM avg | 25.2 |
| Villagers / military | 70 / 35 |
Focus
⚔️ 39.5% · 🌾 60.5%
Arambai ×17 · Archer ×7 · Mangonel ×6 · Scout Cavalry ×5
Feudal
11:06
Castle
21:15
Imperial
32:51
| APM avg | 77.9 |
| APM peak | 110 |
| eAPM avg | 35.6 |
| Villagers / military | 135 / 61 |
Focus
⚔️ 48.9% · 🌾 51.1%
Archer ×57 · Unknown (2550) ×4 · Skirmisher ×3 · Monk ×1
Match map
Initial resources + every placement click. Lines = walls · curves = elevation contours. ◆ gold · ⬟ stone · ● berries · ✦ relic · ◌ wall gap
Your base· Open — 4t gap
Chavah's base· ✓ Closed at 21:15 · 50t walls · 1 gate(s)
Smoothed initial terrain · ◌ = detected wall gap · hover for details
Inputs per minute
— NOC | shiXo.# - - Chavah
Build order — NOC | shiXo.#
First 150 of 201 actions detected
| 0:00 | Create | Villager (Male) ×4 |
| 0:01 | Build | House |
| 0:02 | Build | House |
| 1:32 | Create | Villager (Male) |
| 1:50 | Create | Villager (Male) |
| 2:08 | Build | Mill |
| 2:22 | Create | Villager (Male) |
| 2:37 | Create | Villager (Male) |
| 3:03 | Create | Villager (Male) |
| 3:17 | Create | Villager (Male) |
| 3:23 | Build | House |
| 3:32 | Create | Villager (Male) |
| 4:33 | Create | Villager (Male) |
| 5:00 | Create | Villager (Male) |
| 5:21 | Create | Villager (Male) |
| 5:34 | Create | Villager (Male) |
| 5:34 | Research | Loom |
| 5:40 | Create | Villager (Male) |
| 5:40 | Research | Loom |
| 6:02 | Build | Palisade Gate |
| 6:04 | Build | House |
| 6:17 | Create | Villager (Male) |
| 6:29 | Build | House |
| 6:31 | Build | House |
| 6:40 | Create | Villager (Male) |
| 7:10 | Create | Villager (Male) |
| 7:22 | Build | Palisade Gate |
| 7:47 | Create | Villager (Male) |
| 8:01 | Build | Lumber Camp |
| 8:16 | Create | Villager (Male) |
| 8:34 | Research | Feudal Age |
| 8:59 | Build | House |
| 9:07 | Build | Mining Camp |
| 9:12 | Build | Palisade Wall |
| 9:13 | Build | Palisade Wall |
| 9:14 | Build | Palisade Wall |
| 9:15 | Build | Palisade Wall |
| 10:03 | Create | Villager (Male) |
| 10:09 | Create | Villager (Male) |
| 10:15 | Build | Barracks |
| 10:22 | Build | Barracks |
| 10:26 | Create | Villager (Male) |
| 10:30 | Build | House |
| 10:35 | Build | Mill |
| 10:40 | Build | Mill |
| 10:41 | Create | Villager (Male) |
| 10:51 | Age | Feudal Age |
| 11:08 | Build | Archery Range |
| 11:12 | Research | Horse Collar |
| 11:24 | Build | House |
| 11:26 | Build | Palisade Wall |
| 11:31 | Build | Palisade Wall |
| 11:31 | Build | Palisade Wall |
| 11:42 | Create | Villager (Male) |
| 11:52 | Build | Farm |
| 11:52 | Build | Farm |
| 11:58 | Build | Palisade Wall |
| 12:00 | Build | Palisade Wall |
| 12:06 | Build | House |
| 12:08 | Build | Palisade Wall |
| 12:20 | Build | Farm |
| 12:24 | Build | House |
| 12:27 | Build | Palisade Wall |
| 12:28 | Build | Palisade Wall |
| 12:35 | Build | Palisade Wall |
| 12:37 | Build | Palisade Wall |
| 12:40 | Create | Villager (Male) |
| 12:44 | Create | Archer |
| 12:55 | Create | Villager (Male) |
| 13:04 | Build | Farm |
| 13:12 | Create | Villager (Male) |
| 13:19 | Create | Archer |
| 13:21 | Build | Farm |
| 13:39 | Create | Archer |
| 13:59 | Create | Villager (Male) |
| 14:30 | Build | Stable |
| 14:32 | Build | House |
| 14:35 | Create | Villager (Male) |
| 14:45 | Build | Farm |
| 14:49 | Build | Farm |
| 14:56 | Create | Archer |
| 15:07 | Create | Villager (Male) |
| 15:09 | Build | Watch Tower |
| 15:18 | Create | Scout Cavalry |
| 15:18 | Create | Scout Cavalry |
| 15:20 | Create | Villager (Male) |
| 15:20 | Create | Villager (Male) |
| 15:21 | Build | House |
| 15:22 | Build | House |
| 15:24 | Build | House |
| 15:33 | Create | Villager (Male) |
| 15:37 | Build | Palisade Wall |
| 15:39 | Build | Palisade Wall |
| 15:40 | Build | Palisade Wall |
| 15:40 | Build | Palisade Wall |
| 15:41 | Build | Palisade Wall |
| 15:41 | Build | Palisade Wall |
| 15:45 | Create | Archer |
| 15:55 | Create | Villager (Male) |
| 15:58 | Build | Blacksmith |
| 16:02 | Create | Scout Cavalry |
| 16:06 | Build | Farm |
| 16:26 | Create | Archer |
| 16:37 | Build | Palisade Wall |
| 16:47 | Build | Farm |
| 16:48 | Create | Villager (Male) |
| 16:50 | Build | Farm |
| 16:53 | Create | Scout Cavalry |
| 17:04 | Build | Palisade Wall |
| 17:08 | Create | Scout Cavalry |
| 17:11 | Research | Fletching |
| 17:17 | Create | Villager (Male) |
| 17:32 | Create | Villager (Male) |
| 17:34 | Build | Farm |
| 17:34 | Build | Farm |
| 17:52 | Create | Villager (Male) |
| 18:31 | Create | Archer |
| 18:33 | Build | Farm |
| 18:34 | Build | Farm |
| 18:36 | Create | Villager (Male) |
| 18:45 | Build | Market |
| 19:11 | Build | Lumber Camp |
| 19:15 | Build | Palisade Wall |
| 19:17 | Create | Villager (Male) |
| 19:34 | Build | Palisade Wall |
| 19:35 | Build | Palisade Wall |
| 19:38 | Build | Palisade Wall |
| 19:40 | Build | Palisade Wall |
| 20:15 | Research | Castle Age |
| 20:23 | Build | Mining Camp |
| 20:26 | Build | House |
| 20:42 | Build | House |
| 20:55 | Build | House |
| 21:14 | Research | Padded Archer Armor |
| 21:15 | Create | Villager (Male) |
| 21:20 | Build | House |
| 21:48 | Create | Villager (Male) |
| 22:35 | Build | House |
| 22:55 | Age | Castle Age |
| 22:57 | Build | Castle |
| 23:06 | Build | Siege Workshop |
| 23:08 | Research | Wheelbarrow |
| 23:23 | Build | Farm |
| 23:44 | Create | Villager (Male) |
| 23:51 | Create | Arambai |
| 23:52 | Create | Arambai |
| 23:56 | Create | Mangonel |
| 24:14 | Create | Arambai |
| 24:34 | Build | House |
| 24:56 | Create | Arambai |
Build order — Chavah
First 150 of 335 actions detected
| 0:01 | Create | Villager (Male) |
| 0:01 | Create | Villager (Male) |
| 0:01 | Create | Villager (Male) |
| 0:02 | Create | Villager (Male) |
| 0:02 | Create | Villager (Male) |
| 0:06 | Build | House |
| 1:19 | Create | Villager (Male) |
| 1:20 | Create | Villager (Male) |
| 1:53 | Create | Villager (Male) |
| 1:53 | Create | Villager (Male) |
| 2:06 | Build | Settlement |
| 2:09 | Create | Villager (Male) |
| 2:40 | Create | Villager (Male) |
| 2:40 | Create | Villager (Male) |
| 3:21 | Create | Villager (Male) |
| 3:21 | Create | Villager (Male) |
| 3:37 | Create | Villager (Male) |
| 3:53 | Create | Villager (Male) |
| 4:22 | Create | Villager (Male) |
| 4:22 | Create | Villager (Male) |
| 4:32 | Build | Barracks |
| 4:44 | Create | Villager (Male) |
| 4:45 | Create | Villager (Male) |
| 5:28 | Create | Unit 2550 |
| 5:28 | Create | Unit 2550 |
| 5:30 | Create | Villager (Male) |
| 5:51 | Create | Villager (Male) |
| 5:55 | Build | Settlement |
| 6:12 | Create | Unit 2550 |
| 6:15 | Create | Villager (Male) |
| 6:20 | Create | Villager (Male) |
| 6:41 | Create | Villager (Male) |
| 6:52 | Create | Villager (Male) |
| 7:16 | Create | Villager (Male) |
| 8:07 | Create | Villager (Male) |
| 8:31 | Research | Loom |
| 8:54 | Research | Feudal Age |
| 8:54 | Research | Feudal Age |
| 9:19 | Build | Settlement |
| 10:14 | Create | Unit 2550 |
| 10:22 | Build | Farm |
| 10:24 | Build | Farm |
| 11:01 | Create | Villager (Male) |
| 11:06 | Age | Feudal Age |
| 11:09 | Build | Archery Range |
| 11:10 | Research | Horse Collar |
| 11:15 | Research | Double-Bit Axe |
| 11:15 | Research | Double-Bit Axe |
| 11:19 | Research | Tech 1402 |
| 11:19 | Research | Tech 1402 |
| 11:22 | Create | Villager (Male) |
| 11:55 | Create | Villager (Male) |
| 11:59 | Build | Farm |
| 12:03 | Create | Villager (Male) |
| 12:10 | Create | Archer |
| 12:12 | Create | Villager (Male) |
| 12:25 | Create | Villager (Male) |
| 12:25 | Create | Villager (Male) |
| 12:42 | Create | Skirmisher |
| 12:48 | Build | Farm |
| 12:51 | Build | Farm |
| 12:56 | Create | Villager (Male) |
| 13:05 | Create | Villager (Male) |
| 13:06 | Build | Farm |
| 13:12 | Create | Skirmisher |
| 13:14 | Create | Villager (Male) |
| 13:14 | Create | Villager (Male) |
| 13:20 | Build | Blacksmith |
| 13:23 | Build | Blacksmith |
| 13:25 | Create | Skirmisher |
| 13:27 | Build | Farm |
| 13:29 | Build | Farm |
| 13:34 | Create | Archer |
| 13:39 | Build | House |
| 13:40 | Build | Palisade Wall |
| 13:41 | Create | Villager (Male) |
| 13:46 | Build | Palisade Wall |
| 13:48 | Build | Palisade Wall |
| 13:57 | Create | Villager (Male) |
| 14:05 | Build | Farm |
| 14:08 | Research | Fletching |
| 14:11 | Create | Villager (Male) |
| 14:17 | Create | Villager (Male) |
| 14:22 | Build | Farm |
| 14:24 | Create | Villager (Male) |
| 14:38 | Create | Archer |
| 14:45 | Build | Farm |
| 14:56 | Create | Villager (Male) |
| 15:08 | Create | Archer |
| 15:09 | Create | Villager (Male) |
| 15:36 | Build | Archery Range |
| 15:40 | Create | Villager (Male) |
| 15:41 | Create | Archer |
| 15:45 | Build | Palisade Wall |
| 15:59 | Create | Villager (Male) |
| 16:03 | Build | Palisade Wall |
| 16:06 | Build | Palisade Wall |
| 16:09 | Create | Villager (Male) |
| 16:14 | Build | Palisade Gate |
| 16:15 | Build | Palisade Wall |
| 16:22 | Build | Palisade Wall |
| 16:27 | Create | Archer |
| 16:30 | Create | Archer |
| 16:30 | Create | Archer |
| 16:34 | Create | Villager (Male) |
| 16:38 | Build | Palisade Wall |
| 16:47 | Research | Padded Archer Armor |
| 16:50 | Research | Scale Mail Armor |
| 16:51 | Research | Scale Mail Armor |
| 16:58 | Create | Villager (Male) |
| 16:58 | Create | Archer |
| 17:10 | Create | Villager (Male) |
| 17:16 | Create | Archer |
| 17:29 | Build | Farm |
| 17:32 | Create | Archer |
| 17:40 | Build | House |
| 17:44 | Create | Archer |
| 18:10 | Create | Villager (Male) |
| 18:11 | Create | Archer |
| 18:18 | Build | Farm |
| 18:35 | Research | Castle Age |
| 18:36 | Research | Castle Age |
| 18:42 | Create | Archer |
| 18:43 | Create | Archer |
| 18:55 | Research | Gold Mining |
| 18:55 | Research | Gold Mining |
| 18:56 | Create | Archer |
| 18:56 | Create | Archer |
| 18:59 | Create | Archer |
| 19:12 | Build | House |
| 19:14 | Build | House |
| 19:20 | Research | Padded Archer Armor |
| 19:20 | Research | Padded Archer Armor |
| 19:27 | Create | Archer |
| 19:27 | Create | Archer |
| 19:31 | Create | Archer |
| 19:32 | Create | Archer |
| 19:49 | Build | Settlement |
| 19:54 | Create | Archer |
| 19:54 | Create | Archer |
| 19:54 | Create | Archer |
| 20:01 | Create | Villager (Male) |
| 20:02 | Create | Archer |
| 20:03 | Create | Archer |
| 20:21 | Create | Archer |
| 20:21 | Create | Archer |
| 20:44 | Create | Villager (Male) |
| 21:15 | Age | Castle Age |
| 21:16 | Build | Town Center |
| 21:20 | Research | Bodkin Arrow |
Match timeline
| 4:32 | Chavah · first_building Barracks |
| 9:12 | NOC | shiXo.# · wall_segment Palisade Wall x1 |
| 9:13 | NOC | shiXo.# · wall_segment Palisade Wall x1 |
| 9:14 | NOC | shiXo.# · wall_segment Palisade Wall x1 |
| 9:15 | NOC | shiXo.# · wall_segment Palisade Wall x1 |
| 10:15 | NOC | shiXo.# · first_building Barracks |
| 10:51 | NOC | shiXo.# · age_up feudal |
| 11:06 | Chavah · age_up feudal |
| 11:08 | NOC | shiXo.# · first_building Archery Range |
| 11:09 | Chavah · first_building Archery Range |
| 11:26 | NOC | shiXo.# · wall_segment Palisade Wall x3 |
| 11:31 | NOC | shiXo.# · wall_segment Palisade Wall x1 |
| 11:31 | NOC | shiXo.# · wall_segment Palisade Wall x1 |
| 11:58 | NOC | shiXo.# · wall_segment Palisade Wall x2 |
| 12:00 | NOC | shiXo.# · wall_segment Palisade Wall x1 |
| 12:08 | NOC | shiXo.# · wall_segment Palisade Wall x1 |
| 12:27 | NOC | shiXo.# · wall_segment Palisade Wall x1 |
| 12:28 | NOC | shiXo.# · wall_segment Palisade Wall x1 |
| 12:35 | NOC | shiXo.# · wall_segment Palisade Wall x1 |
| 12:37 | NOC | shiXo.# · wall_segment Palisade Wall x1 |
| 13:40 | Chavah · wall_segment Palisade Wall x1 |
| 13:46 | Chavah · wall_segment Palisade Wall x2 |
| 13:48 | Chavah · wall_segment Palisade Wall x8 |
| 14:30 | NOC | shiXo.# · first_building Stable |
| 15:37 | NOC | shiXo.# · wall_segment Palisade Wall x1 |
| 15:39 | NOC | shiXo.# · wall_segment Palisade Wall x1 |
| 15:40 | NOC | shiXo.# · wall_segment Palisade Wall x1 |
| 15:40 | NOC | shiXo.# · wall_segment Palisade Wall x1 |
| 15:41 | NOC | shiXo.# · wall_segment Palisade Wall x1 |
| 15:41 | NOC | shiXo.# · wall_segment Palisade Wall x1 |
| 15:45 | Chavah · wall_segment Palisade Wall x11 |
| 16:03 | Chavah · wall_segment Palisade Wall x3 |
| 16:06 | Chavah · wall_segment Palisade Wall x13 |
| 16:15 | Chavah · wall_segment Palisade Wall x4 |
| 16:22 | Chavah · wall_segment Palisade Wall x8 |
| 16:37 | NOC | shiXo.# · wall_segment Palisade Wall x1 |
| 16:38 | Chavah · wall_segment Palisade Wall x1 |
| 17:04 | NOC | shiXo.# · wall_segment Palisade Wall x1 |
| 19:15 | NOC | shiXo.# · wall_segment Palisade Wall x4 |
| 19:34 | NOC | shiXo.# · wall_segment Palisade Wall x5 |
| 19:35 | NOC | shiXo.# · wall_segment Palisade Wall x1 |
| 19:38 | NOC | shiXo.# · wall_segment Palisade Wall x3 |
| 19:40 | NOC | shiXo.# · wall_segment Palisade Wall x4 |
| 19:48 | NOC | shiXo.# · first_market_buy 100 food |
| 19:55 | NOC | shiXo.# · first_market_sell 100 wood |
| 21:15 | Chavah · age_up castle |
| 22:55 | NOC | shiXo.# · age_up castle |
| 22:57 | NOC | shiXo.# · first_building Castle |
| 23:06 | NOC | shiXo.# · first_building Siege Workshop |
| 25:10 | Chavah · first_building Monastery |
| 32:46 | NOC | shiXo.# · age_up imperial |
| 32:51 | Chavah · age_up imperial |
| 33:08 | Chavah · first_market_sell 100 wood |
| 33:14 | NOC | shiXo.# · resign |
[ AI ANALYSIS · 1 CREDIT ]
What really happened in this match?
Wolo.gg analyzes every decision: build order, eco, micro, common mistakes by bracket. Personalized analysis on WhatsApp or Discord in 30 seconds.
Civ guide
Burmese
Perfil
shiXo.#